 Dungeon Crawl Stone Soup version 0.20-a0 (console) character file.

371 brucemayne the Chopper (level 6, 2/47 HPs)
             Began as a Demonspawn Berserker on Oct 27, 2016.
             Was a Believer of Trog.
             Quit the game on level 6 of the Dungeon.
             The game lasted 00:03:33 (699 turns).

brucemayne the Chopper (Demonspawn Berserker)        Turns: 699, Time: 00:03:34

Health: 2/47       AC:  8    Str: 19    XL:     6   Next: 42%
Magic:  0/6        EV:  8    Int:  8    God:    Trog [**....]
Gold:   20         SH:  4    Dex: 13    Spells: 0 memorised, 5 levels left

rFire  . . .     SeeInvis .     a - +0 hand axe
rCold  . . .     Gourm    .     j - +0 chain mail
rNeg   . . .     Faith    .     (no shield)
rPois  .         Spirit   +     (helmet restricted)
rElec  .         Reflect  .     (no cloak)
rCorr  .         Harm     .     (no gloves)
MR     .....                    (no boots)
Stlth  ..........               (no amulet)
                                (no ring)
                                (no ring)

@: lethally poisoned (2 -> -4), exhausted, slowed, very slow
A: antennae 2, large bone plates 1, nightstalker 1, magic shield
a: Berserk, Trog's Hand, Burn Spellbooks, Renounce Religion


You were on level 6 of the Dungeon.
You worshipped Trog.
Trog was pleased with you.
You were not hungry.

You visited 1 branch of the dungeon, and saw 7 of its levels.

You collected 20 gold pieces.

Inventory:

Hand Weapons
 a - a +0 hand axe (weapon)
Missiles
 d - 5 tomahawks (quivered)
 k - 20 poisoned needles
Armour
 b - a +0 animal skin
 g - a +0 leather armour
 j - a +0 chain mail (worn)
Wands
 e - a wand of slowing (30/48)
 i - a wand of disintegration (4/24)


   Skills:
 - Level 3.0 Fighting
 + Level 6.7 Axes
 - Level 1.7 Armour
 - Level 1.7 Dodging


You had 5 spell levels left.
You didn't know any spells.

Dungeon Overview and Level Annotations

Branches:
Dungeon (7/15)
 Temple: D:4-7

Altars:
Elyvilon


Innate Abilities, Weirdness & Mutations

You have a pair of antennae on your head.
You are partially covered in large bone plates. (SH +4)
You are slightly more attuned to the shadows.
When hurt, damage is shared between your health and your magic reserves.


Message History

Trog accepts your kill.
This wand has 5 charges left.
* * * LOW HITPOINT WARNING * * *
You feel sick.
The killer bee stings you but does no damage.
Evoke which item? (* to show all) (? for menu, Esc to quit)
Zapping:
i - a wand of disintegration (5/24)
Press: ? - help, Shift-Dir - straight line, f/p - killer bee
Aim: a killer bee (slow, chance to defeat MR: 73%)
The killer bee is blasted.
You blow up the killer bee!
Trog accepts your kill.
This wand has 4 charges left.
* * * LOW HITPOINT WARNING * * *
You feel sick.
Unknown command.
You aren't carrying any potions.
There is a lethal amount of poison in your body!
There is a lethal amount of poison in your body!
Are you sure you want to abandon this character and quit the game? (Confirm with "yes".)

# ### #.#..
.#>######. ..#
......... #.#
#........ #.# #@#
#.#. #####.#
#.#.##.....#######
###
#.#..............#
..#
#.###.........##.#
..#####.###..###.##.#
.....)>.....^###.# .#
...####).........# .#
..## ######.##### .#


There were no monsters in sight!

Vanquished Creatures
  3 killer bees (D:6)
  A bullfrog zombie (D:5)
  A centaur zombie (D:4)
  2 orc priests
  An orc wizard (D:5)
  An iguana (D:6)
  A worker ant (D:6)
  A shadow imp (D:5)
  13 orcs
  2 bats
  A giant cockroach (D:2)
  2 hobgoblins
  A jackal (D:1)
  A frilled lizard (D:4)
  2 rats
33 creatures vanquished.

Notes
Turn   | Place    | Note
-------+----------+-------------------------------------------
     0 | D:1      | brucemayne the Demonspawn Berserker began the quest for the Orb.
     0 | D:1      | Reached XP level 1. HP: 18/18 MP: 1/1
    88 | D:2      | Reached skill level 3 in Axes
   181 | D:3      | Gained mutation: You have a pair of small antennae on your head. [demonic ancestry]
   181 | D:3      | Reached XP level 2. HP: 21/24 MP: 2/2
   260 | D:4      | Reached skill level 4 in Axes
   260 | D:4      | Gained mutation: You are partially covered in large bone plates. (SH +4) [demonic ancestry]
   260 | D:4      | Reached XP level 3. HP: 27/29 MP: 3/3
   286 | D:4      | Found a white marble altar of Elyvilon.
   313 | D:5      | Entered Level 5 of the Dungeon
   363 | D:5      | Gained mutation: When hurt, damage is shared between your health and your magic reserves. [demonic ancestry]
   363 | D:5      | Reached XP level 4. HP: 22/35 MP: 4/4
   386 | D:4      | Reached skill level 5 in Axes
   440 | D:5      | Gained mutation: You have a pair of antennae on your head. [demonic ancestry]
   440 | D:5      | Reached XP level 5. HP: 36/41 MP: 5/5
   448 | D:5      | Reached ** piety under Trog
   659 | D:7      | Noticed an orc warrior
   675 | D:6      | Reached skill level 6 in Axes
   696 | D:6      | Gained mutation: You are slightly more attuned to the shadows. [demonic ancestry]
   696 | D:6      | Reached XP level 6. HP: 8/47 MP: 2/6
   698 | D:6      | HP: 2/47 [poisoned by a killer bee]
   699 | D:6      | Quit the game

Vault maps used:
D:1:      dpeg_arrival_brainrot
D:2:      nicolae_ru_path_of_blood, eino_tiny_chamber, minmay_distorted
D:3:      old_standard_altar, ecumenical_altar_2
D:4:      elyvilon_altar_1, uniq_crazy_yiuf_cottage, uniq_robin
D:5:      first_bread, nicolae_tso_swordbearing_angel
D:6:      minitemple
D:7:      zin_purify, uniq_prince_ribbit1

Skill      XL: |  1  2  3  4  5 |
---------------+----------------+-----
Axes           | 3 4 5 6 |  6.7
Fighting       | |  3.0
Armour         | |  1.7
Dodging        | |  1.7

Action                   |  1- 3 |  4- 6 || total
-------------------------+-------+-------++-------
Melee: Hand axe          |    56 |    71 ||   127
Invok: Berserk           |     1 |     4 ||     5
       Trog's Hand       |       |     1 ||     1
Evoke: Wand              |       |     8 ||     8
  Use: Scroll            |       |     4 ||     4
  Eat: Chunk             |       |     2 ||     2
       Bread ration      |       |     1 ||     1
Armor: Animal skin       |     9 |       ||     9
       Chain mail        |     8 |    38 ||    46
Dodge: Dodged            |    38 |    19 ||    57
Block: Other             |     5 |    15 ||    20
